AoeStats
← VbadGamer

Arena

506796621Analyzed
1v1 RM · 16d ago on Sep 15, 2026· 30m 0s· 2 players
Game mode
Random Map
Map size
Tiny (2 player)
Population
200
Speed
Normal
Resources
Standard
Victory
Conquest
Starting age
Dark Age
Ending age
Imperial Age
RankedLock teamsTeams togetherTeam positionsShared explorationLock speedFull tech treeHidden civsTurbo modeCheats
Victory
Defeat
🇦🇺 Ethiopians · Australia
693
+18
🇫🇷 Franks · France
743
-18
VbadGamer
10:24 Feudal Age
13:53 Double-Bit Axe
17:08 Castle Age
15:41 Horse Collar
16:21 Fletching
17:41 Crossbowman
19:44 Thumb Ring
20:36 Gold Mining
22:03 Wheelbarrow
22:09 Bow Saw
22:56 Padded Archer Armor
22:52 Bodkin Arrow
25:36 Leather Archer Armor
26:40 Ballistics
RAmSeS9z
11:25 Feudal Age
12:08 Double-Bit Axe
12:05 Man-at-Arms
16:28 Scale Mail Armor
16:38 Forging
17:57 Stone Mining
18:03 Gold Mining
19:07 Arson
22:30 Castle Age
21:07 Fletching
21:52 Scale Barding Armor
24:20 Bow Saw
26:57 Wheelbarrow
27:57 Long Swordsman
Connection lost

Rejoining the realm…

Still unreachable

The connection could not be restored.

Session expired

The server has moved on; the page needs a fresh start.